[Event "FIDE World Cadets GU12 2022"]
[Site "Batumi"]
[Date "2022.09.16"]
[Round "1"]
[White "Ismayilova, Khanim"]
[Black "Sordia, Marta"]
[Result "1-0"]
[ECO "A26"]
[WhiteElo "1901"]
[BlackElo "1363"]
[Annotator "TA"]
[PlyCount "67"]
[EventDate "2022.09.16"]
[EventType "swiss"]
[EventCountry "GEO"]
[SourceTitle "playchess.com"]
[Source "ChessBase"]
[SourceQuality "1"]
[TimeControl "5400+30"]

1. c4 e5 2. Nc3 Nf6 3. Nf3 Nc6 4. e4 d6 5. g3 g6 6. Bg2 Bg7 7. O-O O-O 8. d3 h6 9. Be3 {[%emt 0:01:30] A26: English Opening vs King's Indian with ...Nc6 and d3.} Ng4 {[%emt 0:01:30] [#]} 10. Bd2 $146 ({Predecessor:} 10. h3 Nxe3 11. fxe3 Be6 12. Nd5 Qd7 13. Kh2 Nd8 14. Qb3 c6 15. Nc3 f5 16. Nh4 Kh7 17. exf5 gxf5 {1-0 (29) Polek,M-Guenther,L freechess.de 2018}) 10... f5 (10... Bd7 $11 {remains equal.}) 11. Nh4 $16 {[%emt 0:08:30] White is better.} Kh7 12. exf5 gxf5 13. Bh3 Bf6 {[%emt 0:12:30] [#]} 14. Nxf5 Bxf5 15. Bxg4 Bg5 (15... Qc8 $16 {was called for.}) 16. Bxf5+ $18 Rxf5 17. Qg4 Nd4 {[%emt 0:05:30] [#]} 18. Be3 ({Only move:} 18. f4 $1 $18 Qd7 19. Nd5) 18... Nf3+ $14 19. Kg2 Qf8 {[%emt 0:02:30] This move loses the game for Black.} ({Better is} 19... Qd7 $14) 20. Qe4 Kg7 21. Nb5 (21. Qxb7 Bxe3 22. fxe3 Rb8 23. Qxc7+ Rf7 24. Rxf3 Rxb2+ 25. Kh3 Rxc7 $15) 21... Rf7 {[%emt 0:04:30] [#]} (21... Qf7 $16 {was worth a try.}) 22. Nxc7 $1 $18 {[%emt 0:03:31][%mdl 512] Chess con chili.} Rxc7 23. Qxf3 Qxf3+ 24. Kxf3 Rf8+ 25. Ke4 Rcf7 26. Bxa7 b5 27. Be3 ({Weaker is} 27. cxb5 Rxa7 28. a4 Rfa8 $16) 27... Bxe3 28. Kxe3 {[%emt 0:00:06][%mdl 4096] Endgame KRR-KRR} Rf3+ 29. Ke4 {[%emt 0:00:37] White is clearly winning.} bxc4 30. dxc4 Rxf2 (30... h5 $142 31. a4 Rb3) 31. Rxf2 Rxf2 32. b4 Rb2 33. b5 Rb4 34. Kd5 {[%emt 0:00:13] Weighted Error Value: White=0.21 (precise) /Black=0.46} 1-0

[Event "FIDE World Cadets GU12 2022"]
[Site "Batumi"]
[Date "2022.09.16"]
[Round "1"]
[White "Aravindakshan, Sahana"]
[Black "Semenova, Vasilisa"]
[Result "0-1"]
[ECO "D36"]
[WhiteElo "1776"]
[BlackElo "1332"]
[Annotator "NA COMBH"]
[PlyCount "140"]
[EventDate "2022.09.16"]
[EventType "swiss"]
[EventCountry "GEO"]
[SourceTitle "playchess.com"]
[Source "ChessBase"]
[SourceQuality "1"]
[TimeControl "5400+30"]

1. d4 d5 2. c4 e6 3. Nc3 Nf6 4. cxd5 exd5 5. Bg5 Be7 6. e3 c6 7. Bd3 Nbd7 8. Nge2 O-O 9. Qc2 h6 10. Bh4 Re8 11. O-O Ne4 12. Bxe7 Qxe7 13. Rae1 Ndf6 14. f3 Nxc3 15. Nxc3 c5 16. dxc5 Qxc5 17. Qf2 Be6 18. Nb5 Rac8 19. Nd4 Nd7 20. Bf5 Bxf5 21. Nxf5 Re5 22. Nd4 Nb8 23. f4 Ree8 24. Qg3 Qb6 25. Nf5 Qf6 26. Qg4 Nc6 27. Rc1 Rcd8 28. Rfe1 Ne7 29. Ng3 Qg6 30. Qh3 Nc6 31. f5 Qg5 32. Nh5 Re4 33. Nf4 d4 34. Qf3 Rxe3 35. Rxe3 dxe3 36. Qxe3 Qxf5 37. Rf1 Qe5 38. Qb3 Na5 39. Qf3 Qc5+ 40. Kh1 Qc6 41. Qg3 Qb5 42. Qf2 Qb6 43. Qe2 Qc5 44. Qf3 Qc6 45. Qg3 Qb5 46. Qf2 Qb6 47. Qe1 Qc7 48. Nd5 Qd7 49. Ne7+ Kh8 50. Nf5 Nc6 51. Qg3 Qxf5 52. Qe1 Qe6 53. Qb1 Qe2 54. Re1 Qd3 55. Qc1 Qd2 56. Qb1 Nb4 57. a3 Nc2 58. Rf1 Ne3 59. Rg1 Ng4 60. h3 Nf2+ 61. Kh2 Rd3 62. Re1 Qf4+ 63. Kg1 Nxh3+ 64. Kh1 Nf2+ 65. Kg1 Qd4 66. Kh2 Qh4+ 67. Kg1 Nh3+ 68. gxh3 Qg3+ 69. Kf1 Qxh3+ 70. Kf2 Qh2+ 0-1

[Event "FIDE World Cadets GU12 2022"]
[Site "Batumi"]
[Date "2022.09.16"]
[Round "1"]
[White "Yousefian, Maedeh"]
[Black "Silva, Juliana Figueira The"]
[Result "1-0"]
[ECO "B21"]
[WhiteElo "1765"]
[BlackElo "1328"]
[Annotator "NA COMBH"]
[PlyCount "119"]
[EventDate "2022.09.16"]
[EventType "swiss"]
[EventCountry "GEO"]
[SourceTitle "playchess.com"]
[Source "ChessBase"]
[SourceQuality "1"]
[TimeControl "5400+30"]

1. e4 c5 2. d4 cxd4 3. c3 dxc3 4. Nxc3 d6 5. Bc4 Nf6 6. e5 Nfd7 7. exd6 exd6 8. Bf4 Nb6 9. Bb3 Be6 10. Nb5 a6 11. Nxd6+ Bxd6 12. Bxd6 Nd5 13. Bxb8 Rxb8 14. Qd2 Nf6 15. Qxd8+ Rxd8 16. Bxe6 fxe6 17. Nf3 O-O 18. O-O Rfe8 19. Rfe1 h6 20. Re2 Nd7 21. b4 Kf7 22. Rae1 Kf6 23. Nd2 Kf7 24. Ne4 Ne5 25. Nc5 Nd3 26. Nxb7 Nxe1 27. Nxd8+ Rxd8 28. Rxe1 Rd2 29. Ra1 e5 30. Kf1 Ke6 31. a3 g6 32. Re1 Kd5 33. Re3 h5 34. h4 Ra2 35. Rg3 Ke4 36. Re3+ Kd4 37. Kg1 Ra1+ 38. Kh2 Ra2 39. Rf3 e4 40. Rf6 Rxa3 41. Rxg6 Ra2 42. Kg3 Kc4 43. Rg5 Kxb4 44. Rxh5 a5 45. Rh8 a4 46. h5 Ra1 47. Kf4 Rg1 48. g4 a3 49. h6 a2 50. Ra8 a1=Q 51. Rxa1 Rxa1 52. g5 Ra6 53. h7 Ra8 54. g6 Rf8+ 55. Kxe4 Re8+ 56. Kf5 Rf8+ 57. Kg5 Rd8 58. g7 Rd5+ 59. Kf4 Rd4+ 60. Ke5 1-0

[Event "FIDE World Cadets GU12 2022"]
[Site "Batumi"]
[Date "2022.09.16"]
[Round "1"]
[White "Garcia Rodriguez, Laia"]
[Black "Mateeva, Yana"]
[Result "0-1"]
[ECO "B00"]
[WhiteElo "1742"]
[BlackElo "1306"]
[Annotator "NA COMBH"]
[PlyCount "86"]
[EventDate "2022.09.16"]
[EventType "swiss"]
[EventCountry "GEO"]
[SourceTitle "playchess.com"]
[Source "ChessBase"]
[SourceQuality "1"]
[TimeControl "5400+30"]

1. e4 a6 2. Nc3 b5 3. a3 Bb7 4. g3 e6 5. Bg2 Nc6 6. Nge2 Rb8 7. O-O Nf6 8. d3 Be7 9. h3 O-O 10. f4 d5 11. e5 Nd7 12. d4 Na7 13. g4 c5 14. Be3 Nc6 15. Kh1 cxd4 16. Nxd4 Nxd4 17. Bxd4 Bc5 18. Bxc5 Nxc5 19. Qd4 Qb6 20. Qd2 b4 21. Ne2 bxa3 22. bxa3 Ne4 23. Qe1 Rfc8 24. c3 Qb2 25. f5 Qxe2 26. Qxe2 Ng3+ 27. Kh2 Nxe2 28. Rf2 Nxc3 29. Raf1 d4 30. fxe6 fxe6 31. Rd2 Bxg2 32. Kxg2 Rc4 33. Rf4 Nb5 34. Kg3 Rc3+ 35. Rf3 Rxf3+ 36. Kxf3 Rd8 37. a4 Nc3 38. Kg2 Nxa4 39. Ra2 d3 40. Rd2 Nc5 41. Kf3 Nb3 42. Rd1 d2 43. Ke2 Rc8 0-1

[Event "FIDE World Cadets GU12 2022"]
[Site "Batumi"]
[Date "2022.09.16"]
[Round "1"]
[White "Negre, Emilie"]
[Black "Danielyan, Lilia"]
[Result "1/2-1/2"]
[ECO "B38"]
[WhiteElo "1722"]
[BlackElo "1299"]
[Annotator "NA COMBH"]
[PlyCount "90"]
[EventDate "2022.09.16"]
[EventType "swiss"]
[EventCountry "GEO"]
[SourceTitle "playchess.com"]
[Source "ChessBase"]
[SourceQuality "1"]
[TimeControl "5400+30"]

1. c4 Nf6 2. Nf3 g6 3. Nc3 c5 4. d4 cxd4 5. Nxd4 Bg7 6. e4 d6 7. Be2 O-O 8. Be3 Nc6 9. O-O h5 10. Qd2 Kh7 11. Rfd1 Bd7 12. Nc2 Ng4 13. Bxg4 Bxg4 14. f3 Be6 15. Na3 b6 16. Rac1 Rc8 17. b3 Rh8 18. Nc2 Ne5 19. Nb4 h4 20. Qf2 h3 21. g3 Kg8 22. Nbd5 f5 23. Bg5 Nc6 24. Nb5 Qd7 25. Nxe7+ Nxe7 26. Rxd6 Qb7 27. Rxe6 Nc6 28. Rd1 Rf8 29. exf5 Rxf5 30. Re8+ Kh7 31. Rxh8+ Kxh8 32. f4 Ne5 33. Nd4 Rf7 34. Qe2 Nd7 35. Qf1 Qe4 36. Nf3 Qf5 37. Rd5 Qe6 38. Rd1 Qf5 39. Nh4 Qe4 40. Qxh3 Bd4+ 41. Rxd4 Qxd4+ 42. Kh1 Qd1+ 43. Kg2 Qe2+ 44. Kg1 Qe1+ 45. Kg2 Qe2+ 1/2-1/2

[Event "FIDE World Cadets GU12 2022"]
[Site "Batumi"]
[Date "2022.09.16"]
[Round "1"]
[White "Alfano, Emilie"]
[Black "Celik, Fatma Nisa"]
[Result "1/2-1/2"]
[ECO "C06"]
[WhiteElo "1712"]
[BlackElo "1291"]
[Annotator "NA COMBH"]
[PlyCount "82"]
[EventDate "2022.09.16"]
[EventType "swiss"]
[EventCountry "GEO"]
[SourceTitle "playchess.com"]
[Source "ChessBase"]
[SourceQuality "1"]
[TimeControl "5400+30"]

1. e4 e6 2. d4 d5 3. Nd2 Nf6 4. e5 Nfd7 5. Bd3 c5 6. c3 Nc6 7. Ne2 cxd4 8. cxd4 Qb6 9. Nf3 f6 10. exf6 Bb4+ 11. Bd2 Nxf6 12. O-O O-O 13. a3 Bd6 14. Qc2 e5 15. dxe5 Nxe5 16. Nxe5 Bxe5 17. Nc3 Be6 18. Na4 Qd8 19. Nc5 Bc8 20. Bg5 Qd6 21. Bxf6 Bxh2+ 22. Kh1 Rxf6 23. Bxh7+ Kh8 24. Rfe1 Be5 25. Kg1 b6 26. Nb3 Bb7 27. Bd3 Bh2+ 28. Kf1 Bf4 29. Qe2 Raf8 30. Qe7 Qb8 31. Re6 Bd6 32. Qd7 Bc8 33. Qxd6 Bxe6 34. Qxb8 Rxb8 35. Nd4 Rbf8 36. f3 Bd7 37. Kf2 g6 38. Rc1 Rc8 39. Re1 Re8 40. Rc1 Rc8 41. Re1 Re8 1/2-1/2

[Event "FIDE World Cadets GU12 2022"]
[Site "Batumi"]
[Date "2022.09.16"]
[Round "1"]
[White "Huseynova, Lala"]
[Black "Kong, Emma Zihan"]
[Result "1-0"]
[ECO "B90"]
[WhiteElo "1702"]
[BlackElo "1270"]
[Annotator "NA COMBH"]
[PlyCount "65"]
[EventDate "2022.09.16"]
[EventType "swiss"]
[EventCountry "GEO"]
[SourceTitle "playchess.com"]
[Source "ChessBase"]
[SourceQuality "1"]
[TimeControl "5400+30"]

1. e4 c5 2. Nf3 d6 3. d4 cxd4 4. Nxd4 Nf6 5. Nc3 a6 6. Be3 Nbd7 7. f3 e6 8. g4 h6 9. Qd2 b5 10. a3 Bb7 11. h4 Be7 12. Rg1 Nh7 13. g5 hxg5 14. hxg5 g6 15. Rh1 Qc7 16. O-O-O Rc8 17. Kb1 Qa5 18. Nb3 Qc7 19. Rh3 Ndf8 20. Be2 e5 21. f4 Rd8 22. Nd5 Bxd5 23. exd5 exf4 24. Bxf4 Qd7 25. Qe3 Qf5 26. Re1 Qd7 27. Nd4 Rb8 28. Nc6 Rb7 29. Bg4 Qc7 30. Qe2 Rg8 31. Nxe7 Qxe7 32. Re3 Ne6 33. dxe6 1-0

[Event "FIDE World Cadets GU12 2022"]
[Site "Batumi"]
[Date "2022.09.16"]
[Round "1"]
[White "Maklakova, Naomi"]
[Black "Koscelnikova, Monika"]
[Result "1-0"]
[ECO "D02"]
[WhiteElo "1635"]
[BlackElo "1265"]
[Annotator "NA COMBH"]
[PlyCount "53"]
[EventDate "2022.09.16"]
[EventType "swiss"]
[EventCountry "GEO"]
[SourceTitle "playchess.com"]
[Source "ChessBase"]
[SourceQuality "1"]
[TimeControl "5400+30"]

1. d4 d5 2. Nf3 Nf6 3. Bf4 Bf5 4. e3 e6 5. Bd3 Bg6 6. Ne5 Bd6 7. Bg5 Nbd7 8. f4 a6 9. O-O c5 10. c4 Qb6 11. Rf2 cxd4 12. Bxg6 hxg6 13. Nxd7 Kxd7 14. exd4 dxc4 15. Bxf6 gxf6 16. Nc3 Qa5 17. Ne4 Qf5 18. Qf3 b5 19. Rd1 Ke7 20. d5 Qh5 21. Qxh5 Rxh5 22. dxe6 Bb8 23. g4 Rh8 24. Rd7+ Kf8 25. Rxf7+ Ke8 26. Nxf6+ Kd8 27. e7+ 1-0

[Event "FIDE World Cadets GU12 2022"]
[Site "Batumi"]
[Date "2022.09.16"]
[Round "1"]
[White "Misheel, Bold"]
[Black "Kocharyan, Sona"]
[Result "1/2-1/2"]
[ECO "B26"]
[WhiteElo "1593"]
[BlackElo "1259"]
[Annotator "NA COMBH"]
[PlyCount "132"]
[EventDate "2022.09.16"]
[EventType "swiss"]
[EventCountry "GEO"]
[SourceTitle "playchess.com"]
[Source "ChessBase"]
[SourceQuality "1"]
[TimeControl "5400+30"]

1. e4 c5 2. Nc3 e6 3. d3 Nc6 4. g3 g6 5. Bg2 Bg7 6. Be3 d6 7. Qd2 Nge7 8. f4 Qa5 9. Nge2 Nd4 10. Nxd4 cxd4 11. Nd1 Qc7 12. Bf2 e5 13. Rc1 Be6 14. a3 Rc8 15. O-O O-O 16. c3 f5 17. Bh3 Kh8 18. Kh1 exf4 19. gxf4 a6 20. Bh4 dxc3 21. Nxc3 Qd7 22. Rfe1 Rfe8 23. Bxe7 Rxe7 24. Bg2 Rce8 25. Re2 fxe4 26. dxe4 Bg4 27. Rf2 Rf8 28. Nd5 Ref7 29. Rc7 Qb5 30. Rxf7 Rxf7 31. Ne3 Bc8 32. Qxd6 Rd7 33. Qb8 Rd8 34. Qc7 Rf8 35. Qc2 Bd4 36. Qd2 Qb6 37. Nd5 Qc5 38. Rf1 Bg7 39. Qf2 Bd4 40. Qd2 Bg7 41. Qb4 Qc2 42. b3 Qd3 43. Ne7 b5 44. Nd5 Be6 45. Nc7 Bc8 46. a4 bxa4 47. bxa4 Kg8 48. Nd5 Be6 49. Qd6 Bxd5 50. Qxd5+ Qxd5 51. exd5 Rd8 52. f5 gxf5 53. Rxf5 Rd6 54. Bf3 Bf6 55. Kg2 h6 56. Rf4 Kf7 57. Rc4 Bd8 58. Rc6 Ke7 59. h3 Kd7 60. Rxd6+ Kxd6 61. Kg3 Bg5 62. Kg4 a5 63. Kh5 Bf4 64. Kg6 Bg5 65. Kf5 Bc1 66. Ke4 Bg5 1/2-1/2

[Event "FIDE World Cadets GU12 2022"]
[Site "Batumi"]
[Date "2022.09.16"]
[Round "1"]
[White "Shreya G Hipparagi"]
[Black "Kirthika B"]
[Result "1-0"]
[ECO "B92"]
[WhiteElo "1574"]
[BlackElo "1247"]
[Annotator "NA COMBH"]
[PlyCount "93"]
[EventDate "2022.09.16"]
[EventType "swiss"]
[EventCountry "GEO"]
[SourceTitle "playchess.com"]
[Source "ChessBase"]
[SourceQuality "1"]
[TimeControl "5400+30"]

1. e4 c5 2. Nf3 d6 3. d4 cxd4 4. Nxd4 Nf6 5. Nc3 a6 6. Be2 e5 7. Nb3 Be7 8. Be3 Be6 9. O-O O-O 10. f4 exf4 11. Bxf4 Nc6 12. Kh1 d5 13. e5 Ne4 14. Nxe4 dxe4 15. Nd2 Qd5 16. Bc4 Qd7 17. Qe2 Nd4 18. Bxe6 Nxe2 19. Bxd7 Nxf4 20. Rxf4 Bg5 21. Rf2 e3 22. Rf5 Rad8 23. Rxg5 Rxd7 24. Nf3 Rfd8 25. Re1 Kf8 26. e6 Rd1 27. e7+ Kxe7 28. Re5+ Kf6 29. R5xe3 Rxe1+ 30. Rxe1 Rc8 31. c3 b5 32. Kg1 h6 33. Kf2 g5 34. Rd1 Ke6 35. Nd4+ Kf6 36. g4 Ke5 37. Kf3 Rc7 38. Nf5 Rc6 39. Re1+ Kf6 40. Nxh6 Kg6 41. Nf5 Kf6 42. Rd1 Ke5 43. Rd8 Re6 44. Rd7 f6 45. Re7 Rxe7 46. Nxe7 Ke6 47. Nc6 1-0

[Event "FIDE World Cadets GU12 2022"]
[Site "Batumi"]
[Date "2022.09.16"]
[Round "1"]
[White "Margad, Munkhpurev"]
[Black "Preobrazhenskaya, Diana"]
[Result "0-1"]
[ECO "B90"]
[WhiteElo "1372"]
[BlackElo "1994"]
[Annotator "TA"]
[PlyCount "49"]
[EventDate "2022.09.16"]
[EventType "swiss"]
[EventCountry "GEO"]
[SourceTitle "playchess.com"]
[Source "ChessBase"]
[SourceQuality "1"]
[TimeControl "5400+30"]

1. e4 c5 2. Nf3 d6 3. d4 Nf6 4. Nc3 cxd4 5. Nxd4 a6 6. Be3 e5 7. Nb3 Be6 8. Qd2 Be7 9. O-O-O {[%emt 0:02:30] B90: Sicilian Najdorf: Unusual White 6th moves, 6 Be3 Ng4 and 6 Be3 e5.} Ng4 10. g3 Nxe3 11. Qxe3 {[%emt 0:00:30] The position is equal.} Nd7 12. Nd5 Bxd5 13. Rxd5 O-O 14. Kb1 b5 15. f4 {[%emt 0:08:30] [#]} Nb6 $146 ({Predecessor:} 15... Qc7 16. Be2 Rac8 17. Rc1 Nb6 18. Rdd1 Nc4 19. Bxc4 bxc4 20. Nd2 Rb8 21. c3 d5 22. exd5 {½-½ (41) Raineri,V (2146)-Gromovs,S (2284) Arvier 2011}) 16. Rd3 Nc4 17. Qe2 Qb6 18. f5 a5 19. g4 ({Better is} 19. Nd2 $15) 19... a4 $19 {[%emt 0:09:30] [#] Strongly threatening ...a3.} 20. Nc1 a3 (20... Bh4 $19 {Hoping for ...Rfc8.} 21. c3 b4 22. cxb4 (22. Rh3 $2 Rfc8 $19) 22... a3) 21. b3 $17 Qa5 $36 {[%emt 0:02:30][%cal Oe7g5][%mdl 2048] Black is pushing. Black is more active.} 22. Rg3 $2 (22. c3 $15) 22... Nd2+ $19 23. Ka1 Rac8 {[%emt 0:00:30] Against c3} 24. Qxb5 {[%emt 0:02:14] [#]} (24. c3 $19 Bg5 25. Qxb5 Rxc3 26. Bc4 Qxb5 27. Bxb5 Rxg3 28. hxg3) 24... Rxc2 $1 25. Bc4 {Weighted Error Value: White=0.98/Black=0.14 (very precise)} (25. Qc6 Rxc6) 0-1

[Event "FIDE World Cadets GU12 2022"]
[Site "Batumi"]
[Date "2022.09.16"]
[Round "1"]
[White "Shimanskaia, Tatiana"]
[Black "Kaliakhmet, Elnaz"]
[Result "0-1"]
[ECO "B41"]
[WhiteElo "1353"]
[BlackElo "1864"]
[Annotator "NA COMBH"]
[PlyCount "65"]
[EventDate "2022.09.16"]
[EventType "swiss"]
[EventCountry "GEO"]
[SourceTitle "playchess.com"]
[Source "ChessBase"]
[SourceQuality "1"]
[TimeControl "5400+30"]

1. e4 c5 2. Nf3 e6 3. d4 cxd4 4. Nxd4 a6 5. c4 Nf6 6. Nc3 Bb4 7. Qd3 d5 8. exd5 exd5 9. Be2 O-O 10. O-O Nc6 11. Nxc6 bxc6 12. Bg5 Be6 13. cxd5 cxd5 14. Bf3 Be7 15. Ne2 h6 16. Be3 Ng4 17. Nf4 Ne5 18. Qe2 Nxf3+ 19. Qxf3 Bf6 20. Nxe6 fxe6 21. Qg4 Qe7 22. Bxh6 Bxb2 23. Rab1 Bf6 24. Rb6 e5 25. Rfb1 Rac8 26. Rb7 Rc7 27. Rxc7 Qxc7 28. Qe6+ Qf7 29. Qg4 Bg5 30. Qe2 Bxh6 31. Rb2 Qf4 32. g3 Qd4 33. Rb7 0-1

[Event "FIDE World Cadets GU12 2022"]
[Site "Batumi"]
[Date "2022.09.16"]
[Round "1"]
[White "Rathnayake, R M Dulinma Hemalni"]
[Black "Goriachkina, Oksana"]
[Result "0-1"]
[ECO "B15"]
[WhiteElo "1321"]
[BlackElo "1748"]
[Annotator "NA COMBH"]
[PlyCount "134"]
[EventDate "2022.09.16"]
[EventType "swiss"]
[EventCountry "GEO"]
[SourceTitle "playchess.com"]
[Source "ChessBase"]
[SourceQuality "1"]
[TimeControl "5400+30"]

1. e4 c6 2. d4 d5 3. Nc3 dxe4 4. Nxe4 Nf6 5. Nxf6+ exf6 6. Bf4 Be6 7. Nf3 Bd6 8. Bg3 O-O 9. Bd3 Re8 10. O-O Bxg3 11. hxg3 Nd7 12. c3 Nf8 13. Qc2 Qa5 14. b4 Qc7 15. a4 b6 16. a5 Red8 17. Rfd1 Bd5 18. c4 Bxf3 19. gxf3 g6 20. Qb2 Rab8 21. a6 f5 22. Rac1 Qe7 23. Bf1 Qf6 24. Rc2 c5 25. Rcd2 Ne6 26. d5 Qxb2 27. Rxb2 cxb4 28. Rxb4 Nc5 29. Ra1 Kf8 30. Re1 Re8 31. Re3 Re7 32. Rb1 Rbe8 33. Ra3 Re1 34. Raa1 Rxb1 35. Rxb1 Ke7 36. Be2 Kd6 37. Ra1 Rxe2 38. Rc1 Ra2 39. g4 fxg4 40. fxg4 Rxa6 41. Kg2 Ra2 42. Kg3 Ne4+ 43. Kf3 Ke5 44. Re1 Rxf2+ 45. Ke3 Rc2 46. d6 Rc3+ 47. Ke2 Kxd6 48. Kf1 Rxc4 49. Rd1+ Ke6 50. Kg2 Nf6 51. Re1+ Re4 52. Ra1 Rxg4+ 53. Kf3 a5 54. Rb1 Rb4 55. Re1+ Ne4 56. Rh1 f5 57. Rc1 a4 58. Ke2 a3 59. Ra1 a2 60. Kd3 Ra4 61. Kc2 b5 62. Kb2 f4 63. Kc2 f3 64. Kb2 f2 65. Kb3 f1=Q 66. Rxf1 Nd2+ 67. Kb2 Nxf1 0-1

[Event "FIDE World Cadets GU12 2022"]
[Site "Batumi"]
[Date "2022.09.16"]
[Round "1"]
[White "Enkhuyanga Gantsolmon"]
[Black "Shubhi Gupta"]
[Result "0-1"]
[ECO "E05"]
[WhiteElo "1301"]
[BlackElo "1733"]
[Annotator "NA COMBH"]
[PlyCount "98"]
[EventDate "2022.09.16"]
[EventType "swiss"]
[EventCountry "GEO"]
[SourceTitle "playchess.com"]
[Source "ChessBase"]
[SourceQuality "1"]
[TimeControl "5400+30"]

1. d4 d5 2. Nf3 Nf6 3. g3 e6 4. Bg2 Be7 5. O-O O-O 6. c4 dxc4 7. Qc2 a6 8. a4 Bd7 9. Ne5 Bc6 10. Nxc6 Nxc6 11. Bxc6 bxc6 12. Qxc4 Qd5 13. Qd3 c5 14. Be3 Rfd8 15. dxc5 Qh5 16. Qc4 Ng4 17. h4 Nxe3 18. fxe3 Bxc5 19. Qe4 Qxe2 20. Na3 Qxe3+ 21. Qxe3 Bxe3+ 22. Kg2 Bd4 23. Rab1 Rab8 24. b4 f6 25. Rfc1 Be5 26. Nc4 Bd4 27. Na5 Be3 28. Re1 Bb6 29. Nc6 Rd2+ 30. Kh3 Re8 31. Red1 Rc2 32. Rbc1 Rxc1 33. Rxc1 e5 34. a5 Be3 35. Rd1 Bd4 36. Re1 Kf8 37. Kg4 g6 38. h5 Kf7 39. Re2 f5+ 40. Kg5 h6+ 41. Kh4 g5+ 42. Kh3 Kf8 43. g4 f4 44. Re4 Bb2 45. Kg2 Re6 46. Rc4 e4 47. Kf2 e3+ 48. Ke2 f3+ 49. Kxf3 e2 0-1

[Event "FIDE World Cadets GU12 2022"]
[Site "Batumi"]
[Date "2022.09.16"]
[Round "1"]
[White "Zarkua, Anastasia"]
[Black "Merkulova, Victoria"]
[Result "0-1"]
[ECO "E61"]
[WhiteElo "1294"]
[BlackElo "1715"]
[Annotator "NA COMBH"]
[PlyCount "102"]
[EventDate "2022.09.16"]
[EventType "swiss"]
[EventCountry "GEO"]
[SourceTitle "playchess.com"]
[Source "ChessBase"]
[SourceQuality "1"]
[TimeControl "5400+30"]

1. d4 Nf6 2. c4 c5 3. e3 cxd4 4. exd4 d5 5. b3 g6 6. Nf3 Bg7 7. Be2 O-O 8. Nc3 Nc6 9. Be3 Bf5 10. h3 dxc4 11. bxc4 Ne4 12. Rc1 Qa5 13. Bd2 Nxd2 14. Qxd2 e5 15. dxe5 Rad8 16. Nd5 Qxd2+ 17. Nxd2 Bxe5 18. O-O Rfe8 19. Nb3 Bb2 20. Rce1 Be4 21. Ne3 Nb4 22. Nc5 f5 23. Nxe4 fxe4 24. Nd5 Nxa2 25. Rb1 Be5 26. Rxb7 a5 27. Bd1 Rb8 28. Ne7+ Kf7 29. Rxb8 Bxb8 30. Nc6 Bc7 31. Bb3 Nc3 32. Ra1 a4 33. Bc2 Bd6 34. Na7 e3 35. fxe3 Bc5 36. Nb5 Rxe3 37. Kh2 a3 38. Nxa3 Bd6+ 39. Kh1 Ne2 40. Nb5 Ng3+ 41. Kg1 Bc5 42. Kh2 h5 43. Rd1 h4 44. Nd4 Rc3 45. Ba4 Kf6 46. Nf3 Rxc4 47. Bb3 Rc3 48. Ba4 g5 49. Bb5 Rc2 50. Bd3 Rf2 51. Bc4 Nf5 0-1

[Event "FIDE World Cadets GU12 2022"]
[Site "Batumi"]
[Date "2022.09.16"]
[Round "1"]
[White "Zhumagali, Raian"]
[Black "Haasova, Timea"]
[Result "1-0"]
[ECO "B45"]
[WhiteElo "1278"]
[BlackElo "1707"]
[Annotator "NA COMBH"]
[PlyCount "127"]
[EventDate "2022.09.16"]
[EventType "swiss"]
[EventCountry "GEO"]
[SourceTitle "playchess.com"]
[Source "ChessBase"]
[SourceQuality "1"]
[TimeControl "5400+30"]

1. e4 c5 2. Nf3 e6 3. d4 cxd4 4. Nxd4 Nf6 5. Nc3 Nc6 6. Be3 Bb4 7. Bd3 Qa5 8. Nde2 d5 9. exd5 Nxd5 10. Bd2 Nxc3 11. Bxc3 Bxc3+ 12. Nxc3 O-O 13. O-O Rd8 14. Qe2 g6 15. a3 Bd7 16. b4 Qg5 17. Ne4 Qe7 18. c3 Ne5 19. Bc2 Bc6 20. Nc5 Nd7 21. Nxd7 Qxd7 22. Rfd1 Qc7 23. c4 a6 24. Bb3 b6 25. Rac1 Bb7 26. f3 Rac8 27. Rxd8+ Rxd8 28. Rd1 Rd6 29. Rd2 Qd7 30. Rd1 Rd4 31. h3 Kf8 32. Kh2 Qd6+ 33. Kh1 Qf4 34. c5 bxc5 35. bxc5 Qf6 36. Qc2 Bc6 37. Rxd4 Qxd4 38. Qc1 Ke7 39. Kh2 Qe5+ 40. Kh1 Qe2 41. Bc4 Qf2 42. Bxa6 Bxf3 43. Bf1 Bc6 44. Qg5+ f6 45. Qc1 Qg3 46. Qh6 Be8 47. Qc1 Qc7 48. Qc4 Bc6 49. Qh4 h5 50. Qd4 Qg3 51. Kg1 Qc7 52. a4 Qb8 53. Qd3 Be8 54. a5 Qc7 55. Qc3 Bc6 56. a6 Kf7 57. Be2 Qb8 58. Qa5 Qa8 59. Qc7+ Kg8 60. a7 Bxg2 61. Qb8+ Kg7 62. Qxa8 Bxa8 63. Kf2 Kf7 64. Bf3 1-0

[Event "FIDE World Cadets GU12 2022"]
[Site "Batumi"]
[Date "2022.09.16"]
[Round "1"]
[White "Belaya, Liliya"]
[Black "Beber, Anja"]
[Result "1-0"]
[ECO "C47"]
[WhiteElo "1266"]
[BlackElo "1674"]
[Annotator "NA COMBH"]
[PlyCount "51"]
[EventDate "2022.09.16"]
[EventType "swiss"]
[EventCountry "GEO"]
[SourceTitle "playchess.com"]
[Source "ChessBase"]
[SourceQuality "1"]
[TimeControl "5400+30"]

1. e4 e5 2. Nf3 Nc6 3. Nc3 Nf6 4. d4 exd4 5. Nxd4 Bb4 6. Nxc6 bxc6 7. Bd3 O-O 8. O-O d5 9. exd5 cxd5 10. Bg5 c6 11. Qf3 Be7 12. h3 Re8 13. Rae1 Rb8 14. Ne2 Rxb2 15. Nd4 Bd7 16. Nf5 Bxf5 17. Qxf5 Ne4 18. Bxe4 dxe4 19. Qxe4 f6 20. Bc1 Rb8 21. Qxc6 Rc8 22. Qe6+ Kh8 23. Rd1 Qa5 24. Rfe1 Qa4 25. Rd7 Qb4 26. Rxe7 1-0

[Event "FIDE World Cadets GU12 2022"]
[Site "Batumi"]
[Date "2022.09.16"]
[Round "1"]
[White "Valiyeva, Asnad"]
[Black "Kozusnikova, Daniela"]
[Result "1/2-1/2"]
[ECO "A48"]
[WhiteElo "1265"]
[BlackElo "1597"]
[Annotator "NA COMBH"]
[PlyCount "87"]
[EventDate "2022.09.16"]
[EventType "swiss"]
[EventCountry "GEO"]
[SourceTitle "playchess.com"]
[Source "ChessBase"]
[SourceQuality "1"]
[TimeControl "5400+30"]

1. d4 Nf6 2. Bf4 g6 3. e3 Bg7 4. Nf3 O-O 5. Be2 d6 6. Nbd2 Nc6 7. O-O Nd7 8. Bg5 f6 9. Bh4 e5 10. c3 b6 11. h3 Ne7 12. Qb3+ Kh8 13. Rad1 Bb7 14. dxe5 dxe5 15. Qa3 Nf5 16. Bd3 Nxh4 17. Nxh4 f5 18. g3 Nc5 19. Bc4 Qf6 20. Nb3 Nxb3 21. Qxb3 Rad8 22. Rxd8 Rxd8 23. Rd1 f4 24. Rxd8+ Qxd8 25. Qc2 Qd7 26. Qd3 Qe7 27. Qxg6 fxg3 28. Qxg3 Qd8 29. Nf5 Bf6 30. Nh6 Qd1+ 31. Bf1 Bd5 32. Qg4 Qxg4+ 33. Nxg4 Bg7 34. c4 Be4 35. b4 Kg8 36. Bg2 Bd3 37. Bd5+ Kf8 38. e4 Ke7 39. Ne3 Kd7 40. f3 Bf8 41. a3 Bh6 42. Kf2 Bf4 43. a4 Ke7 44. Ke1 1/2-1/2

[Event "FIDE World Cadets GU12 2022"]
[Site "Batumi"]
[Date "2022.09.16"]
[Round "1"]
[White "Barazovsky, Tamar"]
[Black "Li, Anna Sofie"]
[Result "0-1"]
[ECO "C47"]
[WhiteElo "1250"]
[BlackElo "1590"]
[Annotator "NA COMBH"]
[PlyCount "64"]
[EventDate "2022.09.16"]
[EventType "swiss"]
[EventCountry "GEO"]
[SourceTitle "playchess.com"]
[Source "ChessBase"]
[SourceQuality "1"]
[TimeControl "5400+30"]

1. e4 e5 2. Nf3 Nc6 3. Nc3 Nf6 4. d4 exd4 5. Nxd4 Bb4 6. Nxc6 bxc6 7. Bd3 d5 8. exd5 cxd5 9. O-O O-O 10. Ne2 c5 11. c3 Ba5 12. Bg5 Bb7 13. Ng3 h6 14. Bxf6 Qxf6 15. Qg4 Bc8 16. Qh5 Be6 17. f4 Bb6 18. Kh1 Bc7 19. f5 Bd7 20. Qf3 Bc6 21. Nh5 Qd6 22. Qh3 Bd7 23. Qh4 Bd8 24. f6 g5 25. Qf2 Bc7 26. g3 c4 27. Bc2 Bc6 28. Qf5 d4+ 29. Be4 Bxe4+ 30. Qxe4 Rae8 31. Qxd4 Qc6+ 32. Kg1 Bb6 0-1